 Dungeon Crawl Stone Soup version 0.31-a0-1134-gb247575874 (webtiles) character file.

Game seed: 9320733251571512641

27 gruber the Shooter (level 2, -4/25 HPs)
             Began as a Minotaur Hunter on Dec 5, 2023.
             Succumbed to Robin's poison
             ... on level 2 of the Dungeon.
             The game lasted 00:00:32 (688 turns).

gruber the Shooter (Minotaur Hunter)                 Turns: 688, Time: 00:00:33

Health: -4/25      AC:  3    Str: 15    XL:     2   Next: 93%
Magic:  1/1        EV: 12    Int:  6    God:
Gold:   32         SH:  0    Dex: 13    Spells: 1/1 levels left

rFire   . . .        a - +0 shortbow
rCold   . . .        (shield currently unavailable)
rNeg    . . .        c - +0 leather armour
rPois   .            (helmet restricted)
rElec   .            (no cloak)
rCorr   .            (no gloves)
SInv    .            (no boots)
Will    .....        (no amulet)
Stlth   +            (no ring)
HPRegen 0.24/turn    (no ring)
MPRegen 0.07/turn

%: no passive effects
@: lethally poisoned (-4 -> -19)
A: horns 2, retaliatory headbutt
a: no special abilities


You were on level 2 of the Dungeon.
You visited 1 branch of the dungeon, and saw 2 of its levels.

You collected 32 gold pieces.

Inventory:

Hand Weapons
 a - a +0 shortbow (weapon)
Armour
 c - a +0 leather armour (worn)
 h - a +1 ring mail of fire resistance
Scrolls
 b - a scroll of butterflies
 e - a scroll of enchant armour {unknown}
 f - a scroll of amnesia {unknown}
 g - a scroll of identify {unknown}
Potions
 d - a potion of lignification {unknown}


   Skills:
 - Level 2.4 Fighting
 + Level 5.4 Ranged Weapons
 - Level 2.1 Dodging
 - Level 0.7 Stealth


You had one spell level left.
You didn't know any spells.
Your spell library was empty.

Dungeon Overview and Level Annotations

Branches:
Dungeon (2/15)

Altars:

Annotations:
D:2 Robin


Innate Abilities, Weirdness & Mutations

You have a pair of horns on your head.
You reflexively headbutt those who attack you in melee.


Message History

You shoot an arrow. The arrow hits the orc.
The orc is heavily wounded.
Robin roars a battlecry!
The goblin goes into a battle-frenzy!
The orc hits you with a +0 flail. The orc closely misses you.
Robin hits you from afar with a +1 spear of venom.
You are poisoned.
You are too injured to fight recklessly!
Unknown command.
You are too injured to fight recklessly!
Unknown command.
Unknown command.
Fire: a) +0 shortbow
Press: ? - help, Q - select action Shift-Dir - straight line, f/p - orc
Aim: an orc, wielding a +0 flail (heavily wounded, 60% to hit)
You shoot an arrow. The arrow closely misses the orc.
The arrow hits Robin.
Robin is severely wounded.
You feel very sick. Robin hits you but does no damage.
You are lethally poisoned!
The orc barely misses you.
Unknown command.
Fire: a) +0 shortbow
Press: ? - help, Q - select action Shift-Dir - straight line, f/p - orc
Aim: an orc, wielding a +0 flail (heavily wounded, 60% to hit)
You shoot an arrow. The arrow barely misses the orc.
The arrow hits Robin.
Robin is severely wounded.
* * * LOW HITPOINT WARNING * * *
You feel very sick. The orc hits you with a +0 flail.
* * * LOW HITPOINT WARNING * * *
Robin throws the goblin at you! The goblin hits you but does no damage.
Unknown command.
Fire: a) +0 shortbow
Press: ? - help, Q - select action Shift-Dir - straight line, f/p - orc
Aim: an orc, wielding a +0 flail (heavily wounded, 60% to hit)
You shoot an arrow. The arrow completely misses the orc.
The arrow hits Robin but does no damage.
Robin is severely wounded.
You die...

###......... #.######## .#
#.#...# .# #.#.#.# .##
+...#.# .. ###...# g# ###
..####..# # ##.#o#..
........# .# #.#g.#.#.######g
#######.##.###.#@##.....g..)g
######........#o# #...#
.........####..#g# #og.###
########....#..#g####.....#
#.##....#...o#.#.#.#
######.......####..g..# #
#.........#.......#.###
#......[..'.......#.#
#.........###.....#..


You could see Robin, an orc, a hobgoblin and 2 goblins.

Vanquished Creatures
  2 bats (D:1)
  3 endoplasms (D:1)
  A goblin (D:2)
  7 hobgoblins (D:1)
  2 jackals (D:1)
  3 ball pythons
  3 kobolds (D:1)
  A rat (D:1)
22 creatures vanquished.

Notes
Turn   | Place    | Note
-------+----------+-------------------------------------------
     0 | D:1      | gruber the Minotaur Hunter began the quest for the Orb.
     0 | D:1      | Reached XP level 1. HP: 18/18 MP: 0/0
   141 | D:1      | Reached XP level 2. HP: 25/25 MP: 1/1
   270 | D:1      | Reached skill level 5 in Ranged Weapons
   667 | D:2      | Noticed Robin
   687 | D:2      | HP: 1/25 [orc/+0 flail (3)]
   688 | D:2      | Succumbed to Robin's poison

Illustrated notes

Levels and vault maps discovered:
D:1:      dpeg_arrival_rhombus, layout_loops_ring, minmay_misc_feat_pillars
D:2:      layout_basic, uniq_robin

Skill      XL: |  1  2 |
---------------+-------+-----
Ranged Weapons | 5 |  5.4
Fighting       | |  2.4
Dodging        | |  2.1
Stealth        | |  0.7

Action                     || total
---------------------------++-------
   Fire: Shortbow          ||    59
 Armour: Leather armour    ||    16
  Dodge: Dodged            ||    20

Table legend: (Time is in decaauts)
 A = Elapsed time spent in this place.
 B = Non-inter-level travel time spent in this place.
 C = Inter-level travel time spent in this place.
 D = Time resting spent in this place.
 E = Time spent auto-exploring this place.
 F = Levels seen in this place.
 G = Mean time per level.
                   A        B        C        D        E       F      G
               +--------+--------+--------+--------+--------+-----+--------+
         Total |    699 |    681 |     18 |      0 |    564 |   2 |  349.5 |
       Dungeon |    699 |    681 |     18 |      0 |    564 |   2 |  349.5 |
               +--------+--------+--------+--------+--------+-----+--------+

Top non-repeatable levels by time:
     D:1: 637 daAuts
     D:2: 62 daAuts
